 Dungeon Crawl Stone Soup version 0.31.0-11-ge490571c62 (webtiles) character file.

Game seed: 11086333946274422097

7849 Flugkiller the Grappler (level 11, -7/102 HPs)
             Began as a Troll Fighter on Jan 29, 2024.
             Was a High Priest of Okawaru.
             Mangled by a blink frog (9 damage)
             ... on level 2 of the Lair of Beasts.
             The game lasted 00:13:31 (2488 turns).

Flugkiller the Grappler (Troll Fighter)             Turns: 2488, Time: 00:13:31

Health: -7/102     AC:  5    Str: 30    XL:     11   Next: 2%
Magic:  0/14       EV: 10    Int:  4    God:    Okawaru [*****.]
Gold:   275        SH: 10    Dex:  9    Spells: 10/10 levels left

rFire   . .          .
                       - Unarmed
rCold   . . .        b - +0 kite shield
rNeg    . . .        l - +0 troll leather armour
rPois   .            (helmet restricted)
rElec   .            (no cloak)
rCorr   .            (gloves unavailable)
SInv    +            (boots unavailable)
Will    .....        e - amulet of guardian spirit
Stlth   ++           i - ring of see invisible
HPRegen 1.97/turn    (no ring)
MPRegen 0.14/turn

%: guardian spirit
@: heroic
A: large, unfitting armour, claws 3, regeneration 1, shaggy fur 1, tough skin 1
a: Renounce Religion, Heroism, Finesse, Duel


You were on level 2 of the Lair of Beasts.
You worshipped Okawaru.
Okawaru was extremely pleased with you.
You visited 3 branches of the dungeon, and saw 14 of its levels.
You also visited: Bailey.

You collected 366 gold pieces.
You spent 91 gold pieces at shops.

Inventory:

Missiles
 v - 9 poisoned darts
 y - 5 large rocks
 A - 20 boomerangs (quivered)
 B - 2 javelins
 F - 3 curare-tipped darts
Armour
 a - a +0 robe
 b - a +0 kite shield (worn)
 c - +0 ice dragon scales
   (You found it on level 3 of the Dungeon)
 l - a +0 troll leather armour (worn)
   (You found it on level 8 of the Dungeon)
Jewellery
 e - an amulet of guardian spirit (around neck)
   (You found it on level 4 of the Dungeon)
 i - a ring of see invisible (left claw)
   (You found it on level 3 of the Dungeon)
Talismans
 f - a flux talisman
   (You found it on level 1 of the Dungeon)
Wands
 n - a wand of digging (6)
   (You found it on level 6 of the Dungeon)
 C - a wand of roots (7)
   (You found it on level 5 of the Dungeon)
Scrolls
 g - a scroll of silence
 j - a scroll of torment
 o - a scroll of fear
 p - 2 scrolls of immolation
 t - a scroll of teleportation
 u - 2 scrolls of poison
 x - a scroll of revelation
 z - a scroll of blinking
Potions
 d - 2 potions of might
 h - a potion of haste
 k - 2 potions of mutation
 m - a potion of ambrosia
 q - 2 potions of curing
 r - 2 potions of heal wounds {unknown}
 s - 5 potions of enlightenment
 w - a potion of brilliance {unknown}
 D - a potion of invisibility {unknown}
 E - a potion of lignification {unknown}


   Skills:
 - Level 5.0(10.0) Fighting
 * Level 7.8(12.8) Throwing
 - Level 2.4(7.4) Dodging
 - Level 5.0(10.0) Shields
 + Level 11.1(16.1) Unarmed Combat
 * Level 6.4 Invocations


You had 10 spell levels left.
You didn't know any spells.
Your spell library was empty.

Dungeon Overview and Level Annotations

Branches:
Dungeon (11/15) Zot: 26804  Temple (1/1) D:4 Zot: 5973    Lair (2/5) D:11 Zot: 11775
 Bailey (visited)
  Swamp: Lair:2-3    Shoals: Lair:2-3     Snake: Lair:2-3    Spider: Lair:2-3
    Orc: D:9-12

Altars:
Ashenzari
Cheibriados
Elyvilon
Fedhas
Gozag
Hepliaklqana
Kikubaaqudgha
Makhleb
Nemelex Xobeh
Okawaru
Qazlal
Ru
Trog
Uskayaw
Vehumet
Wu Jian
Xom
Yredelemnul
Zin
The Shining One

Shops:
D:6 *


Innate Abilities, Weirdness & Mutations

You are too large for most types of armour.
You have claws for hands.
Your natural rate of healing is unusually fast.
You are covered in fur. (AC +1)
You have tough skin. (AC +1)


Message History

You see here a wolf corpse.
Found a potion of curing.
q - 3 potions of curing (gained 1)
Your movement speed is average.
Your attack delay is about 0.8 (and is slowed by your shield).
Your damage rating with unarmed combat is about 32 (Base [9 + 11 (UC)] x 150% (Str) x 108% (Fight)).
Unknown command.
Unknown command.
Unknown command.
A bullfrog comes into view.
The bullfrog gives a loud, deep croak!
You hear a loud, deep croak!
The bullfrog swells and bulges.
The bullfrog hits you.
You claw the bullfrog!
The bullfrog is severely wounded.
The bullfrog hits you.
You barely miss the bullfrog.
The bullfrog is severely wounded.
The bullfrog hits you but does no damage.
You claw the bullfrog!
You kill the bullfrog!
Okawaru accepts your kill.
A black mamba comes into view.
Found a leather armour.
The black mamba hisses angrily.
A blink frog comes into view.
Throw: 21 boomerangs
Press: ? - help, Q - select action, (/) - cycle Shift-Dir - straight line, f - black mamba
Aim: a black mamba (38% to hit)
You throw a boomerang.
The boomerang barely misses the black mamba.
You block the black mamba's attack.
You scratch the black mamba but do no damage.
You block the black mamba's attack.
You closely miss the black mamba. You block the black mamba's attack.
The black mamba bites you!
You are poisoned.
The black mamba poisons you!
You barely miss the blink frog.
You feel very sick. The black mamba closely misses you.
The blink frog hits you. The black mamba closely misses you.
You mangle the black mamba!!
The black mamba is severely wounded.
You feel very sick. You block the blink frog's attack.
You block the black mamba's attack.
You barely miss the black mamba.
The black mamba is severely wounded.
You feel very sick. You block the black mamba's attack.
The blink frog hits you! The black mamba bites you!
You are more poisoned.
The black mamba poisons you! The blink frog hits you!
The blink frog blinks!
You hear a loud, deep croak!
You barely miss the black mamba.
The black mamba is severely wounded.
You feel very sick. The black mamba barely misses you.
Unknown command.
Unknown command.
Unknown command.
You miss the black mamba.
The black mamba is severely wounded.
You feel very sick. The black mamba bites you. The black mamba misses you.
Unknown command.
You barely miss the black mamba.
The black mamba is severely wounded.
You feel very sick. The black mamba bites you! The blink frog hits you.
The blink frog blinks!
The black mamba bites you!
* * * LOW HITPOINT WARNING * * *
Unknown command.
Unknown command.
Unknown command.
Okay, then.
You feel better. The black mamba completely misses you.
You hear a loud, deep croak!
Okay, then.
Unknown command.
You gain the combat prowess of a mighty hero.
The black mamba bites you!
* * * LOW HITPOINT WARNING * * *
You block the black mamba's attack.
You scratch the black mamba.
The black mamba is heavily wounded.
The black mamba bites you!
* * * LOW HITPOINT WARNING * * *
You block the black mamba's attack.
You closely miss the black mamba.
The black mamba is heavily wounded.
The blink frog hits you but does no damage.
The black mamba bites you.
* * * LOW HITPOINT WARNING * * *
You barely miss the black mamba.
The black mamba is heavily wounded.
You block the black mamba's attack. The blink frog hits you!
* * * LOW HITPOINT WARNING * * *
The blink frog hits you!
You die...

### ##.# #####..#### P
..#.....P .. #
.......##[.. .
#.........P #######.
##...F..##.###..#....
#P..@S............P#.
###..######.#.#......
##.### ...........
.####..#.###.....#...<.
...............# ##†...
..............## #.##..
...#..P.###..P########..
#. #.##.####.###.### ##.
# ## ..##.........# #.


You could see a black mamba and a blink frog.

Vanquished Creatures
  A cyclops (D:7)
  A cane toad (Lair:1)
  A komodo dragon (Lair:1)
  2 kobold demonologists (D:10)
  3 trolls
  2 wyverns
  12 yaks
  A steam dragon (D:9)
  Duvessa (D:4)
  3 water moccasins
  9 orc warriors (Bailey)
  2 ice beasts (D:7)
  6 wolves (Lair:2)
  3 kobold brigands
  3 bullfrogs
  A gnoll sergeant (D:11)
  3 scorpions
  8 wights
  Dowan (D:4)
  6 killer bees (D:7)
  An electric eel (D:11)
  2 bombardier beetles
  An orc priest (D:6)
  3 iguanas
  An orc wizard (D:7)
  5 gnolls
  4 adders
  2 dart slugs (D:1)
  11 orcs
  5 goblins
  4 hobgoblins
  2 quokkas
  A ball python (D:4)
  3 bats
  21 kobolds
  2 rats (D:1)
137 creatures vanquished.

Notes
Turn   | Place    | Note
-------+----------+-------------------------------------------
     0 | D:1      | Flugkiller the Troll Fighter began the quest for the Orb.
     0 | D:1      | Reached XP level 1. HP: 22/22 MP: 0/0
    47 | D:1      | Reached XP level 2. HP: 29/29 MP: 1/1
   120 | D:2      | You fall into a shaft and drop 2 floors!
   153 | D:4      | Reached skill level 3 in Unarmed Combat
   325 | D:3      | Found an ornate altar of the Wu Jian Council.
   338 | D:3      | Found a basalt altar of Yredelemnul.
   431 | D:5      | Entered Level 5 of the Dungeon
   431 | D:5      | Noticed a bombardier beetle
   438 | D:5      | Killed a bombardier beetle
   439 | D:5      | Reached skill level 4 in Unarmed Combat
   439 | D:5      | Reached XP level 3. HP: 35/36 MP: 2/2
   467 | D:4      | Reached XP level 4. HP: 44/44 MP: 3/3
   637 | D:6      | Reached skill level 5 in Unarmed Combat
   666 | D:6      | Reached XP level 5. HP: 50/50 MP: 4/4
   680 | D:6      | Found a snail-covered altar of Cheibriados.
   686 | D:6      | Found Momyuquq's Serpentskin Sales.
   686 | D:6      | Noticed a water moccasin
   686 | D:6      | Noticed a water moccasin
   700 | D:6      | Killed a water moccasin
   701 | D:6      | Reached skill level 6 in Unarmed Combat
   701 | D:6      | Reached XP level 6. HP: 34/59 MP: 2/5
   713 | D:6      | Killed a water moccasin
   718 | D:6      | Reached skill level 7 in Unarmed Combat
   847 | D:4      | Noticed a wyvern
   851 | D:4      | Found a staircase to the Ecumenical Temple.
   858 | D:4      | Killed a wyvern
   859 | D:4      | Reached XP level 7. HP: 41/66 MP: 3/6
   864 | D:4      | Noticed Duvessa
   864 | D:4      | Noticed Dowan
   872 | D:4      | Killed Duvessa
   873 | D:4      | Reached skill level 8 in Unarmed Combat
   875 | Temple   | Entered the Ecumenical Temple
   888 | Temple   | Became a worshipper of Warmaster Okawaru
   908 | D:4      | Killed Dowan
  1077 | D:6      | Bought 3 curare-tipped darts for 43 gold pieces
  1079 | D:6      | Bought a scroll of poison for 48 gold pieces
  1192 | D:6      | Reached skill level 1 in Invocations
  1202 | D:6      | Reached * piety under Okawaru
  1207 | D:6      | Reached XP level 8. HP: 56/74 MP: 4/8
  1213 | D:6      | Reached skill level 9 in Unarmed Combat
  1333 | D:7      | Found a white marble altar of Elyvilon.
  1349 | D:7      | Reached ** piety under Okawaru
  1391 | D:7      | Noticed a cyclops
  1402 | D:7      | Killed a cyclops
  1402 | D:7      | Reached *** piety under Okawaru
  1403 | D:7      | Reached skill level 10 in Unarmed Combat
  1403 | D:7      | Reached XP level 9. HP: 84/84 MP: 5/10
  1435 | D:8      | Noticed a troll
  1435 | D:8      | Found a flagged portal.
  1442 | D:8      | Killed a troll
  1478 | Bailey   | Entered a bailey
  1523 | Bailey   | Reached skill level 1 in Throwing
  1610 | Bailey   | Reached **** piety under Okawaru
  1624 | Bailey   | Reached skill level 5 in Throwing
  1777 | D:9      | Reached XP level 10. HP: 94/94 MP: 8/11
  1808 | D:9      | Found a stormy altar of Qazlal.
  1844 | D:9      | Found a hide-covered altar of Uskayaw.
  1941 | D:10     | Entered Level 10 of the Dungeon
  1961 | D:10     | Found a glowing silver altar of Zin.
  1967 | D:10     | Noticed an orange demon
  1991 | D:10     | Reached skill level 5 in Shields
  2155 | D:11     | Reached ***** piety under Okawaru
  2212 | D:11     | Found a staircase to the Lair.
  2227 | D:11     | Reached skill level 5 in Invocations
  2255 | Lair:1   | Entered Level 1 of the Lair of Beasts
  2307 | Lair:1   | Received a gift from Okawaru
  2308 | Lair:1   | Reached skill level 5 in Fighting
  2341 | Lair:1   | Noticed a cane toad
  2356 | Lair:1   | Killed a cane toad
  2360 | Lair:1   | Reached skill level 11 in Unarmed Combat
  2440 | Lair:2   | Reached XP level 11. HP: 37/102 MP: 3/14
  2488 | Lair:2   | HP: 2/102 [blink frog (12)]
  2488 | Lair:2   | Mangled by a blink frog

Illustrated notes

Levels and vault maps discovered:
D:1:      erik_arrival_cave_to_civilisation [erik_arrival_cave_to_hall],
          layout_basic, serial_shops, shop, minmay_misc_feat_x,
          chequers_decorated_corner
D:2:      layout_basic, st_stairs_8, minmay_misc_feat_pillars
D:3:      layout_basic, yredelemnul_altar_generic, old_standard_altar,
          shapermc_ecumenical_altar_acropolis, kennysheep_generic_room_10
D:4:      layout_basic, minmay_temple_entry_junction_2,
          serial_library_hellmonk_open_square, st_stairs_8,
          kennysheep_big_empty_room, hangedman_decor_peaks_small,
          nicolae_specific_store, uniq_duvessa
D:5:      layout_loops_ring, hex_tiny
D:6:      layout_cave_pools, kennysheep_mini, wad_floor_pattern_untrapped,
          guppyfry_shop_venom
D:7:      layout_cave_pools, mainiacjoe_overflow_chevrons
D:8:      layout_basic, enter_bailey_5
D:9:      nzn_winding_woodlands_small [nzn_winding_woodlands_5x15_concentric,
          nzn_winding_woodlands_center_pierced_h,
          nzn_winding_woodlands_5x15_jagged], layout_basic,
          grunt_qazlal_sundering, kennysheep_little_box, serial_shops,
          nicolae_shop_stone, kennysheep_generic_room_13
D:10:     layout_roguey, kennysheep_mini_moat,
          mainiacjoe_overflow_surrounded_room,
          grunt_dithmenos_smoke_and_mirrors, orc_0_dummy
D:11:     layout_basic
Temple:   cyrus_circular_temple
Lair:1:   layout_small_grid, serial_bayou_pond_d, serial_bayou_shore_b,
          serial_bayou_shore_b
Lair:2:   layout_loops_ring

Skill      XL: |  1  2  3  4  5  6  7  8  9 10 |
---------------+-------------------------------+-----
Unarmed Combat | 4 5 6 7 8 10 11 | 11.1
Shields        | 3 4 5 |  5.0
Invocations    | 1 3 6 |  6.4
Fighting       | 4 5 |  5.0
Throwing       | 6 7 |  7.8
Dodging        | |  2.4

Action                     |  1- 3 |  4- 6 |  7- 9 | 10-12 || total
---------------------------+-------+-------+-------+-------++-------
  Melee: Unarmed           |    60 |    56 |   222 |   164 ||   502
  Throw: Boomerang         |       |       |     7 |    22 ||    29
         Javelin           |       |       |     5 |       ||     5
         Dart              |       |       |     2 |       ||     2
         Large rock        |       |       |       |     1 ||     1
 Invoke: Heroism           |       |       |     1 |     1 ||     2
    Use: Scroll            |     6 |     5 |     2 |       ||    13
         Potion            |       |     1 |     2 |     1 ||     4
 Armour: Robe              |    47 |       |       |       ||    47
         Ice dragon scales |     4 |    38 |    94 |       ||   136
         Troll leather arm |       |       |    54 |   125 ||   179
  Dodge: Dodged            |    25 |    12 |    65 |    60 ||   162
  Block: Kite shield       |    32 |    20 |    82 |    63 ||   197
